 Dungeon Crawl Stone Soup version 0.29.1 (webtiles) character file.

Game seed: 10265391115898095702

395 xian the Shooter (level 6, 0/38 HPs)
             Began as a Gargoyle Fighter on Sept 12, 2022.
             Slain by an orc wizard
             ... wielding a +0 dagger
              (1 damage)
             ... on level 4 of the Dungeon.
             The game lasted 00:05:38 (2519 turns).

xian the Shooter (Gargoyle Fighter)                 Turns: 2519, Time: 00:05:38

Health: 0/38       AC: 15    Str: 21    XL:     6   Next: 82%
Magic:  6/6        EV:  7    Int:  9    God:
Gold:   185        SH:  4    Dex:  9    Spells: 5/5 levels left

rFire   . . .      SeeInvis .   h - +2 sling (flame)
rCold   . . .      Faith    .   c - +0 buckler
rNeg    + . .      Spirit   .   o - +0 chain mail
rPois   ∞          Reflect  .   j - +0 helmet
rElec   +          Harm     .   (no cloak)
rCorr   .          Rampage  .   (no gloves)
Will    .....                   (no boots)
Stlth   ..........              r - amulet of the acrobat
HPRegen 0.12/turn               (no ring)
MPRegen 0.10/turn               (no ring)

@: invisible (expiring)
A: sickness immunity, AC +4, negative energy resistance 1, electricity
resistance, torment resistance 1, petrification resistance
a: no special abilities


You were on level 4 of the Dungeon.
You visited 1 branch of the dungeon, and saw 4 of its levels.

You collected 185 gold pieces.

Inventory:

Hand Weapons
 a - a +0 flail
 h - a +2 sling of flaming (weapon)
Missiles
 k - 4 poisoned darts
Armour
 c - a +0 buckler (worn)
 j - a +0 helmet (worn)
 o - a +0 chain mail (worn)
Jewellery
 r - an amulet of the acrobat (around neck)
Scrolls
 b - a scroll of silence {unknown}
 g - a scroll of immolation {unknown}
 i - a scroll of magic mapping {unknown}
 n - 3 scrolls of identify {unknown}
 q - a scroll of torment {unknown}
Potions
 d - a potion of might
 e - a potion of haste {unknown}
 f - a potion of ambrosia {unknown}
 l - 2 potions of cancellation {unknown}
 m - a potion of invisibility
 p - a potion of brilliance {unknown}
 s - a potion of flight {unknown}


   Skills:
 + Level 4.2 Fighting
 + Level 2.7 Maces & Flails
 + Level 4.5 Ranged Weapons
 + Level 4.4 Armour
 + Level 0.6 Dodging
 + Level 3.9 Shields


You had 5 spell levels left.
You didn't know any spells.
Your spell library contained the following spells:

 Spells                   Type           Power      Damage    Failure   Level
 Magic Dart               Conj           0%         1d3       99%         1
 Call Imp                 Summ           0%         N/A       100%        2
 Static Discharge         Conj/Air       0%         3-3/arc   100%        2
 Mephitic Cloud           Conj/Pois/Air  0%         N/A       100%        3
 Lightning Bolt           Conj/Air       0%         1d11      100%        5
 Maxwell's Capacitive Co  Air            0%         ∞         100%        8


Dungeon Overview and Level Annotations

Branches:
Dungeon (3/15)

Altars:


Innate Abilities, Weirdness & Mutations

You are immune to sickness and miasma.
Your stone body is resilient. (AC +4)
You are immune to poison.
You resist negative energy. (rN+)
You are resistant to electric shocks. (rElec)
You are resistant to unholy torment.
You are immune to petrification.


Message History

The orc wizard casts a spell at you.
The puff of flame hits you but does no damage.
Unknown command.
Fire: h) +2 sling (flame)
Press: ? - help, Q - select action, (/) - cycle Shift-Dir - straight line, f/p - orc wizard
Aim: an orc wizard, wielding a +0 dagger and wearing a +0 robe (severely wounded, unable to see you, 51% to hit)
You shoot a sling bullet.
The sling bullet barely misses the orc wizard.
The orc wizard barely misses you.
Fire: h) +2 sling (flame)
Press: ? - help, Q - select action, (/) - cycle Shift-Dir - straight line, f/p - orc wizard
Aim: an orc wizard, wielding a +0 dagger and wearing a +0 robe (severely wounded, unable to see you, 51% to hit)
You shoot a sling bullet.
The sling bullet closely misses the orc wizard.
The orc wizard hits you but does no damage. x2
Unknown command.
Fire: h) +2 sling (flame)
Press: ? - help, Q - select action, (/) - cycle Shift-Dir - straight line, f/p - orc wizard
Aim: an orc wizard, wielding a +0 dagger and wearing a +0 robe (severely wounded, unable to see you, 51% to hit)
You shoot a sling bullet.
The sling bullet closely misses the orc wizard.
The orc wizard hits you but does no damage. x2
Fire: h) +2 sling (flame)
Press: ? - help, Q - select action, (/) - cycle Shift-Dir - straight line, f/p - orc wizard
Aim: an orc wizard, wielding a +0 dagger and wearing a +0 robe (severely wounded, unable to see you, 51% to hit)
You shoot a sling bullet. The sling bullet hits the orc wizard.
The sling bullet burns the orc wizard.
The orc wizard is almost dead.
You flicker for a moment.
The orc wizard points at you and mumbles some strange words.
The magic dart hits you.
* * * LOW HITPOINT WARNING * * *
Fire: h) +2 sling (flame)
Press: ? - help, Q - select action, (/) - cycle Shift-Dir - straight line, f/p - orc wizard
Aim: an orc wizard, wielding a +0 dagger and wearing a +0 robe (almost dead, unable to see you, 51% to hit)
You shoot a sling bullet. The sling bullet hits the orc wizard.
The sling bullet burns the orc wizard.
The orc wizard is almost dead.
The orc wizard hits you with a +0 dagger.
You die...

#.# ......# #
#.###....# .##
##..#.....## ....
#..........##....
##................
##......##.........
#......####.)...##.
##......##.o....#.
#####....@........
##)).....##...
##.###..# .. ...!#
.... .
(............
...............
.............#[
.... ......###


You could see an orc wizard (unable to see you).

Vanquished Creatures
  Menkaure (D:4)
  A bullfrog (D:3)
  A scorpion (D:2)
  A jelly (D:4)
  An orc priest (D:4)
  3 adders
  A worm (D:2)
  A dart slug (D:1)
  2 orcs (D:4)
  3 endoplasms
  5 giant cockroaches
  6 goblins
  8 hobgoblins
  2 quokkas
  5 ball pythons
  9 bats
  A frilled lizard (D:2)
  13 kobolds
  5 rats
69 creatures vanquished.

Vanquished Creatures (others)
  22 withered plants (D:3)
22 creatures vanquished.

Grand Total: 91 creatures vanquished

Notes
Turn   | Place    | Note
-------+----------+-------------------------------------------
     0 | D:1      | xian the Gargoyle Fighter began the quest for the Orb.
     0 | D:1      | Reached XP level 1. HP: 14/14 MP: 1/1
   195 | D:1      | Reached XP level 2. HP: 8/19 MP: 2/2
   547 | D:1      | Found a faded altar of an unknown god.
   748 | D:1      | Reached XP level 3. HP: 23/23 MP: 3/3
  1123 | D:2      | Noticed a scorpion
  1144 | D:2      | Killed a scorpion
  1145 | D:2      | Reached XP level 4. HP: 26/29 MP: 4/4
  1771 | D:2      | Reached XP level 5. HP: 33/33 MP: 5/5
  2444 | D:3      | You fall into a shaft and drop 1 floor!
  2455 | D:4      | Reached XP level 6. HP: 37/38 MP: 6/6
  2467 | D:4      | Noticed Menkaure
  2476 | D:4      | Killed Menkaure
  2518 | D:4      | HP: 1/38 [orc wizard/magic dart (4)]
  2519 | D:4      | Slain by an orc wizard

Illustrated notes

Levels and vault maps discovered:
D:1:      shiori_arrival_elements, layout_basic,
          hellmonk_ecumenical_altar_pennies_from_heaven, serial_park_tiny_1
D:2:      layout_loops_corners, minivault_27
D:3:      layout_loops_ring, makhleb_altar_promises_db,
          chequers_decorated_corner, dilly_guarded_unrand_morg
D:4:      layout_cave_pools, uniq_menkaure

Skill      XL: |  1  2  3  4  5  6 |
---------------+-------------------+-----
Ranged Weapons | 2 3 4 |  4.5
Armour         | 4 |  4.4
Fighting       | 4 |  4.2
Maces & Flails | |  2.7
Dodging        | |  0.6
Shields        | |  3.9

Action                   |  1- 3 |  4- 6 || total
-------------------------+-------+-------++-------
Melee: Flail             |    88 |       ||    88
       Sling             |       |     2 ||     2
 Fire: Sling             |    35 |   134 ||   169
  Use: Potion            |       |     1 ||     1
Armor: Scale mail        |    81 |    11 ||    92
       Chain mail        |       |    77 ||    77
Dodge: Dodged            |    74 |    38 ||   112
Block: Buckler           |    19 |    37 ||    56
